 Dungeon Crawl Stone Soup version 0.25-a0-578-gc91f01c39c (webtiles) character file.

Game seed: 16181745313410369728, levelgen mode: deterministic

666 Esekla the Sneak (level 7, 0/32 HPs)
             Began as a Spriggan Artificer on Mar 3, 2020.
             Slain by a small abomination (15 damage)
             ... on level 1 of the Abyss on Mar 4, 2020.
             The game lasted 00:43:01 (6557 turns).

Esekla the Sneak (Spriggan Artificer)               Turns: 6557, Time: 00:43:02

Health: 0/32       AC:  6    Str:  8    XL:     7   Next: 31%
Magic:  11/11      EV: 20    Int: 14    God:
Gold:   250        SH:  0    Dex: 17    Spells: 4/6 levels left

rFire    . . .     SeeInvis +   u - +7 lajatang of Order {silver, rMut}
rCold    . . .     Gourm    .   (shield currently unavailable)
rNeg     . . .     Faith    .   i - +2 animal skin
rPois    .         Spirit   .   (helmet restricted)
rElec    .         Reflect  .   (no cloak)
rCorr    .         Harm     .   (gloves unavailable)
rMut     +                      (boots unavailable)
MR       ++...                  (no amulet)
Stlth    ++++......             w - ring of protection from magic
HPRegen  0.10/turn              (no ring)
MPRegen  0.12/turn

@: mighty, about to teleport, very quick
A: very small, unfitting armour, antennae 1, slimy green scales 1, see
invisible, herbivore, speed 3, slow metabolism 2
a: no special abilities


You were on level 1 of the Abyss.
You were not hungry.

You visited 1 branch of the dungeon, and saw 4 of its levels.
You visited the Abyss 1 time.

You collected 250 gold pieces.

Inventory:

Hand Weapons
 a - a +0 short sword
 k - a +0 trident
 m - a +0 whip of distortion
 u - the +7 lajatang of Order (weapon) {silver, rMut}
   (You found it on level 4 of the Dungeon)

   It protects you from mutation.
Missiles
 b - 5 boomerangs (quivered)
Armour
 i - a +2 animal skin (worn)
Jewellery
 r - an uncursed ring of ice
 w - a ring of protection from magic (left hand)
Wands
 c - a wand of flame (14)
 d - a wand of enslavement (15)
 e - a wand of random effects (9)
Scrolls
 g - 2 scrolls of random uselessness {unknown}
 j - a scroll of enchant armour
 l - 2 scrolls of teleportation
 o - 2 scrolls of magic mapping {unknown}
 p - a scroll of amnesia {unknown}
 q - 3 scrolls of fog {unknown}
 s - 2 scrolls of noise {unknown}
Potions
 h - a potion of cancellation
 n - a potion of heal wounds {unknown}
Comestibles
 f - 7 rations


   Skills:
 - Level 0.7 Fighting
 + Level 5.2 Short Blades
 + Level 2.9 Throwing
 + Level 5.2 Dodging
 + Level 7.2 Stealth
 - Level 4.0 Evocations


You had 4 spell levels left.
You knew the following spells:

 Your Spells              Type           Power        Failure   Level  Hunger
a - Swiftness             Chrm/Air       #.......     41%         2    ###....

Your spell library contained the following spells:

 Spells                   Type           Power        Failure   Level  Hunger
 Passwall                 Tmut/Erth      #.......     41%         2    ###....
 Passage of Golubria      Tloc           N/A          96%         4    #####..
 Lee's Rapid Deconstruct  Erth           #.........   100%        5    ######.
 Darkness                 Hex            #.........   100%        6    #######
 Invisibility             Hex            #.......     100%        6    #######


Dungeon Overview and Level Annotations

Branches:
Dungeon (4/15)
 Temple: D:4-7

Altars:
Cheibriados
Elyvilon
Hepliaklqana
Kikubaaqudgha
Okawaru
Sif Muna


Innate Abilities, Weirdness & Mutations

You are very small and have problems with some larger weapons.
You are too small for most types of armour.
You have supernaturally acute eyesight. (SInv)
You are a herbivore.
You cover ground extremely quickly.
You need to consume almost no food.
You have a pair of small antennae on your head.
You are partially covered in slimy green scales. (AC +2)


Message History

You see here 21 stones.
Casting: Swiftness (safe; 41% risk of failure)
Confirm with . or Enter, or press ? or * to list all spells.
You're already traveling as fast as you can.
A worldbinder comes into view.
An eidolon comes into view.
A small abomination comes into view.
A small abomination comes into view.
An ufetubus comes into view.
As you read the scroll of teleportation, it crumbles to dust.
You feel strangely unstable.
You feel the power of the Abyss delaying your translocation!
The small abomination closely misses you.
You hit the small abomination but do no damage.
The small abomination hits you. The small abomination hits you!
Okay, then.
It was a potion of might.
You feel very mighty all of a sudden. The small abomination hits you!
You die...

#.. ..#.......
.##.#.##.###...
# .. #
..####x#.# .#.
#.#.# #.#.# ###
. .#..## ##..
#. # ##... #
#.#.# #.#. ##.#
# # .#.# .. #.
. #..###.# #
..#. #####@x##
. .##..#..####
#......# #.# #
## ... # ## #
.# . . .# .# #
### #..##. .#
.#. # ## #...
..# #. #.# . #(
#### # #.# . #
# .


You could see a small abomination.

Vanquished Creatures
  2 ogres
  A centaur (D:3)
  A bullfrog (D:3)
  A howler monkey (D:4)
  An orc priest (D:3)
  A bullfrog skeleton (D:4)
  An orc wizard (D:4)
  An iguana (D:4)
  Natasha (thrice) (D:4)
  Robin (D:3)
  4 adders
  2 dart slugs
  11 orcs
  A ball python (D:2)
  4 giant cockroaches
  14 goblins
  6 hobgoblins
  4 jackals (D:3)
  9 kobolds
  2 quokkas
  8 bats
  5 frilled lizards
  5 rats
88 creatures vanquished.

Notes
Turn   | Place    | Note
-------+----------+-------------------------------------------
     0 | D:1      | Esekla the Spriggan Artificer began the quest for the Orb.
     0 | D:1      | Reached XP level 1. HP: 9/9 MP: 4/4
    44 | D:1      | Reached skill level 2 in Stealth
   124 | D:1      | Reached XP level 2. HP: 13/14 MP: 6/6
   439 | D:1      | Reached skill level 3 in Stealth
   768 | D:2      | Reached XP level 3. HP: 17/17 MP: 7/7
  1362 | D:2      | Reached skill level 4 in Stealth
  1830 | D:2      | Found an iron altar of Okawaru.
  1836 | D:2      | Found an ancient bone altar of Kikubaaqudgha.
  1839 | D:2      | Found a white marble altar of Elyvilon.
  2301 | D:3      | Reached XP level 4. HP: 21/21 MP: 8/8
  2515 | D:4      | Reached skill level 5 in Stealth
  2694 | D:4      | Noticed an ogre
  2788 | D:4      | Found the +7 lajatang of Order {silver, rMut}
  2800 | D:4      | HP: 1/21 [bullfrog skeleton (7)]
  3130 | D:3      | Noticed a centaur
  3651 | D:3      | Killed a centaur
  3651 | D:3      | Reached XP level 5. HP: 12/25 MP: 9/9
  4049 | D:3      | Found a shimmering blue altar of Sif Muna.
  4156 | D:3      | Gained mutation: You are partially covered in slimy green
                  | scales. (AC +2) [potion of mutation]
  4156 | D:3      | Gained mutation: You have a pair of small antennae on your
                  | head. [potion of mutation]
  4263 | D:3      | Found a snail-covered altar of Cheibriados.
  4264 | D:3      | Found a hazy altar of Hepliaklqana.
  4605 | D:3      | Reached skill level 1 in Throwing
  4605 | D:3      | Reached skill level 6 in Stealth
  5082 | D:4      | Noticed Natasha
  5167 | D:4      | Noticed Robin
  5175 | D:4      | Killed Natasha
  5175 | D:4      | Reached XP level 6. HP: 22/29 MP: 10/10
  5451 | D:3      | Killed Robin
  5702 | D:4      | Noticed Natasha
  5719 | D:4      | Killed Natasha
  5835 | D:4      | Reached skill level 5 in Dodging
  6093 | D:4      | Noticed Natasha
  6160 | D:3      | Reached XP level 7. HP: 29/32 MP: 11/11
  6215 | D:4      | Killed Natasha
  6215 | D:4      | Reached skill level 5 in Short Blades
  6215 | D:4      | Reached skill level 7 in Stealth
  6415 | D:4      | Cast into level 1 of the Abyss (a distortion unwield)
  6428 | Abyss:1  | Learned a level 2 spell: Swiftness
  6513 | Abyss:1  | Noticed a worldbinder
  6527 | Abyss:1  | Noticed an eidolon
  6539 | Abyss:1  | Noticed a small abomination
  6557 | Abyss:1  | Slain by a small abomination

Levels and vault maps discovered:
D:1:      erik_arrival_blinker_ship, layout_basic
D:2:      layout_loops_ring, minmay_overflow_temple_star_quad, first_ration
D:3:      layout_loops_ring, gammafunk_temple_overflow_statue, led_sif_book
D:4:      layout_loops_cross, uniq_robin, uniq_natasha
Abyss:1:  base:
D:3

Skill      XL: |  1  2  3  4  5  6  7 |
---------------+----------------------+-----
Stealth        | 2 3 4 5 6 7 |  7.2
Short Blades   | 2 3 4 5 |  5.2
Dodging        | 4 5 |  5.2
Throwing       | 1 2 |  2.9
Fighting       | |  0.7
Evocations     | |  4.0

Action                   |  1- 3 |  4- 6 |  7- 9 || total
-------------------------+-------+-------+-------++-------
Melee: Short sword       |   137 |   254 |    10 ||   401
       Lajatang          |       |       |     1 ||     1
Throw: Boomerang         |       |    61 |       ||    61
Evoke: Wand              |       |     5 |     2 ||     7
  Use: Scroll            |     5 |       |     2 ||     7
       Potion            |       |     3 |     1 ||     4
 Stab: Sleeping          |    18 |     4 |     2 ||    24
       Confused          |       |     1 |       ||     1
       Paralysed         |       |     1 |       ||     1
  Eat: Ration            |       |     2 |       ||     2
Armor: Robe              |    22 |    18 |       ||    40
       Skin              |       |    14 |       ||    14
       Animal skin       |       |     3 |     1 ||     4
Dodge: Dodged            |   116 |   194 |     4 ||   314

Table legend:
 A = Non-vault XP
 B = Vault XP
 C = Vault XP percentage of total XP
 D = Non-vault monster count
 E = Vault monster count
 F = Vault count percentage of total count
                 A         B        C        D         E       F
            +---------+---------+-------+---------+---------+-------
      Total |     889 |      63 |   6.6 |      78 |      10 |  11.4
            +---------+---------+-------+---------+---------+-------
        D:1 |      44 |       0 |   0.0 |      19 |       0 |   0.0
        D:2 |      44 |       0 |   0.0 |      13 |       0 |   0.0
        D:3 |     405 |      17 |   4.0 |      28 |       2 |   6.7
        D:4 |     396 |      46 |  10.4 |      18 |       8 |  30.8
            +---------+---------+-------+---------+---------+-------
